 Dungeon Crawl Stone Soup version 0.18.1-48-g4cf74bf (webtiles) character file.

73 Mesmaeker13 the Shooter (level 4, 0/38 HPs)
             Began as a Centaur Hunter on Aug 15, 2016.
             Slain by Crazy Yiuf
             ... wielding a +4 quarterstaff of chaos
              (3 damage)
             ... on level 2 of the Dungeon.
             The game lasted 00:05:15 (2204 turns).

Mesmaeker13 the Shooter (Centaur Hunter)            Turns: 2204, Time: 00:05:15

Health: 0/38       AC:  4    Str: 15    XL:     4   Next: 8%
Magic:  4/4        EV:  9    Int: 10    God:
Gold:   61         SH:  4    Dex: 10    Spells: 0 memorised, 3 levels left

rFire  . . .     SeeInvis .     j - +0 mace
rCold  . . .     Gourm    .     c - +0 leather armour
rNeg   . . .     Faith    .     (no shield)
rPois  .         Spirit   .     (no helmet)
rElec  .         Dismiss  .     (no cloak)
rCorr  .         Reflect  +     (no gloves)
SustAt .         Harm     .     (no barding)
MR     .....                    h - +4 amulet of reflection
Stlth  +.........               (no ring)
                                (no ring)

@: very quick, not resistant to hostile enchantments, very unstealthy
A: hooves 3, deformed body, speed 2, tough skin 3
a: no special abilities


You were on level 2 of the Dungeon.
You were full.

You visited 1 branch of the dungeon, and saw 2 of its levels.

You collected 61 gold pieces.

Inventory:

Hand Weapons
 a - a +1 shortbow
 j - a +0 mace (weapon)
Missiles
 d - 2 arrows
Armour
 c - a +0 leather armour (worn)
Jewellery
 h - a +4 amulet of reflection (around neck)
Scrolls
 e - 2 scrolls of identify
 g - a scroll of blinking
 i - a scroll of teleportation
Comestibles
 b - a royal jelly
 f - 3 chunks of flesh


   Skills:
 + Level 3.0 Fighting
 + Level 6.1 Bows
 + Level 2.1 Dodging
 - Level 0.5 Stealth


You had 3 spell levels left.
You didn't know any spells.

Dungeon Overview and Level Annotations

Branches:
Dungeon (2/15)

Altars:

Annotations:
D:2 Crazy Yiuf


Innate Abilities, Weirdness & Mutations

You have hooves in place of feet.
Armour fits poorly on your strangely shaped body.
You cover ground very quickly.
You have extremely tough skin (AC +3).


Message History

Crazy Yiuf is almost dead.
The hobgoblin hits you with a club.
Crazy Yiuf hits you with a quarterstaff of chaos!
The goblin closely misses you.
You hit Crazy Yiuf but do no damage.
Crazy Yiuf is almost dead.
The hobgoblin hits you with a club.
Crazy Yiuf hits you with a quarterstaff of chaos.
Crazy Yiuf burns you. The goblin barely misses you.
The hobgoblin hits you but does no damage.
You hit Crazy Yiuf but do no damage. Your kick misses Crazy Yiuf.
Crazy Yiuf is almost dead.
Crazy Yiuf laughs, "Sif Muna!
Whiteboard shoe forty-two."
Crazy Yiuf zaps a wand.
The puff of flame hits you! The goblin closely misses you.
You block the hobgoblin's attack.
Crazy Yiuf cries, "Goober verde horse!"
Crazy Yiuf hits you with a quarterstaff of chaos!
* * * LOW HITPOINT WARNING * * *
Crazy Yiuf freezes you.
You die...

#########.........#
#......##.#########
#......##.####
#............#
######.......####
#.......#.P## #
#.........PP####..
#########g.........P.#..#
.......gg@g(..((#.#.#.###
######(####..#########
#.......# #..###
##...(...###....##########
''.................(......
##.......#####.....#..(...
#.......## #.....####)..
#.####### #.....# #.)( #.
#.....######)


You could see Crazy Yiuf, 2 hobgoblins and a goblin.

Vanquished Creatures
  3 adders (D:2)
  A dart slug (D:1)
  A ball python (D:1)
  A giant cockroach (D:2)
  5 goblins (D:2)
  7 hobgoblins
  4 jackals (D:1)
  9 kobolds
  A quokka (D:2)
  2 bats
  A giant newt (D:2)
  5 rats
40 creatures vanquished.

Vanquished Creatures (others)
  A fungus (D:2)
1 creature vanquished.

Grand Total: 41 creatures vanquished

Notes
Turn   | Place    | Note
--------------------------------------------------------------
     0 | D:1      | Mesmaeker13 the Centaur Hunter began the quest for the Orb.
     0 | D:1      | Reached XP level 1. HP: 17/17 MP: 1/1
   161 | D:1      | Reached XP level 2. HP: 14/24 MP: 2/2
  1022 | D:2      | Reached XP level 3. HP: 9/30 MP: 3/3
  1695 | D:2      | Reached skill level 6 in Bows
  1963 | D:2      | Reached XP level 4. HP: 33/38 MP: 4/4
  2176 | D:2      | Noticed Crazy Yiuf
  2204 | D:2      | Slain by Crazy Yiuf

Skill      XL: |  1  2  3 |
---------------+----------+-----
Bows           | 6 |  6.1
Fighting       | 3 |  3.0
Dodging        | 2 |  2.1
Stealth        | |  0.5

Action                   |  1- 3 |  4- 6 || total
-------------------------+-------+-------++-------
Melee: Short sword       |   128 |    17 ||   145
       Kick              |    24 |     1 ||    25
       Mace              |       |     3 ||     3
 Fire: Shortbow          |    61 |    15 ||    76
  Use: Scroll            |     2 |       ||     2
  Eat: Bread ration      |     2 |       ||     2
Armor: Leather armour    |    55 |     5 ||    60
Dodge: Dodged            |    81 |    10 ||    91
Block: Other             |    13 |     5 ||    18
       Reflection        |     2 |     2 ||     4
